General information
- name: BNet
- type: Ladder team game (AT/RT)
- host: Battle.net
- saver: Sylvklar
map: TwilightRuins
- players: 8
- length: 52:49
- speed: Fast
- version: 1.26 W3XP
- replay type: Public
» download(275 KB)
Players
team 1 (winner)
BottomFeeder (
yellow | 25 APM | 1330 actions | 52:49)
6 Far Seer
1 Feral Spirit
2 Chain Lighting
2 Far Sight
1 Earth Quake
» actions
| Assign group hotkey | 5 | |
| Basic commands | 19 | |
| Build / train | 84 | |
| ESC pressed | 13 | |
| Enter build submenu | 26 | |
| Enter hero's abilities submenu | 6 | |
| Right click | 517 | |
| Select / deselect | 504 | |
| Select group hotkey | 39 | |
| Use ability | 112 | |
1330 total
» units
| Peon | 27 | |
| Grunt | 4 | |
| Troll Batrider | 16 | |
| Shaman | 2 | |
| Kodo Beast | 1 | |
50 total
» upgrades
| Berserker Strength | 1 | |
| Melee Weapons | 1 | |
| Shaman Training | 2 | |
| Witch Doctor Training | 1 | |
| Spirit Walker Training | 1 | |
| Armor | 1 | |
| Reinforced Defenses | 1 | |
| Liquid Fire | 1 | |
9 total
» buildings
| Altar of Storms | 1 | |
| Orc Burrow | 6 | |
| Barracks | 2 | |
| Stronghold | 1 | |
| War Mill | 1 | |
| Voodoo Lounge | 1 | |
| Fortress | 1 | |
| Watch Tower | 6 | |
| Spirit Lodge | 3 | |
| Beastiary | 3 | |
25 total
» build order
00:08 Altar of Storms
00:12 Orc Burrow
01:31 Orc Burrow
01:45 Barracks
02:00 Orc Burrow
02:24 Barracks
04:11 Stronghold
04:39 War Mill
05:48 Voodoo Lounge
06:44 Fortress
06:51 Watch Tower
06:53 Watch Tower
06:55 Watch Tower
07:00 Watch Tower
07:33 Spirit Lodge
07:35 Spirit Lodge
07:37 Spirit Lodge
09:57 Beastiary
11:57 Beastiary
12:01 Beastiary
16:34 Watch Tower
16:35 Watch Tower
18:44 Orc Burrow
18:45 Orc Burrow
18:47 Orc Burrow
» items
| Scroll of Town Portal | 7 | |
| Scroll of Regeneration | 1 | |
| Healing Salve | 2 | |
| Lesser Clarity Potion | 3 | |
| Potion of Healing | 1 | |
| Potion of Mana | 1 | |
15 total
HSK.MIKKI (
pink | 64 APM | 2000 actions | 31:24)
4 Archmage
2 Summon Water Elemental
2 Brilliance Aura
» actions
| Assign group hotkey | 29 | |
| Basic commands | 27 | |
| Build / train | 90 | |
| ESC pressed | 15 | |
| Enter build submenu | 30 | |
| Enter hero's abilities submenu | 4 | |
| Give item / drop item | 3 | |
| Right click | 754 | |
| Select / deselect | 659 | |
| Select group hotkey | 238 | |
| Use ability | 151 | |
2000 total
» units
| Peasant | 30 | |
| Footman | 7 | |
| Rifleman | 7 | |
44 total
» upgrades
| Masonry | 4 | |
| Lumber Harvesting | 3 | |
| Gunpowder | 3 | |
| Long Rifles | 1 | |
| Magic Sentry | 1 | |
12 total
» buildings
| Altar of Kings | 1 | |
| Farm | 9 | |
| Barracks | 2 | |
| Scout Tower | 51 | |
| Lumber Mill | 2 | |
| Arcane Vault | 2 | |
| Arcane Tower | 2 | |
| Guard Tower | 15 | |
| Town Hall | 1 | |
| Keep | 2 | |
| Blacksmith | 1 | |
| Castle | 1 | |
| Arcane Sanctum | 1 | |
90 total
» build order
00:19 Altar of Kings
00:36 Farm
00:39 Farm
00:51 Barracks
01:50 Farm
04:07 Scout Tower
04:10 Scout Tower
04:15 Lumber Mill
04:19 Scout Tower
04:22 Arcane Vault
04:32 Farm
04:34 Farm
05:30 Arcane Tower
05:31 Guard Tower
06:39 Scout Tower
06:40 Scout Tower
06:41 Scout Tower
06:42 Scout Tower
06:43 Scout Tower
06:44 Scout Tower
06:44 Scout Tower
06:45 Scout Tower
07:17 Guard Tower
07:35 Guard Tower
07:40 Town Hall
07:48 Scout Tower
07:48 Scout Tower
07:51 Scout Tower
07:52 Scout Tower
07:53 Scout Tower
07:53 Scout Tower
07:54 Scout Tower
07:55 Scout Tower
07:55 Scout Tower
08:04 Arcane Vault
08:06 Farm
08:07 Farm
08:07 Farm
08:08 Farm
08:58 Arcane Tower
08:59 Guard Tower
09:34 Guard Tower
09:48 Keep
09:53 Blacksmith
09:57 Barracks
11:13 Keep
13:00 Guard Tower
13:11 Guard Tower
14:23 Castle
14:25 Guard Tower
15:03 Scout Tower
15:04 Scout Tower
15:05 Scout Tower
15:06 Scout Tower
15:06 Scout Tower
15:07 Scout Tower
15:08 Scout Tower
15:08 Scout Tower
15:09 Scout Tower
15:30 Scout Tower
15:31 Scout Tower
15:32 Scout Tower
15:32 Scout Tower
15:36 Guard Tower
15:37 Guard Tower
16:55 Scout Tower
16:56 Scout Tower
16:56 Scout Tower
17:20 Scout Tower
17:21 Scout Tower
17:21 Scout Tower
17:23 Scout Tower
17:23 Scout Tower
17:28 Guard Tower
18:01 Lumber Mill
18:37 Guard Tower
19:05 Guard Tower
19:43 Scout Tower
19:43 Scout Tower
19:44 Scout Tower
19:45 Scout Tower
19:46 Scout Tower
19:46 Scout Tower
19:47 Scout Tower
20:48 Guard Tower
22:05 Guard Tower
22:57 Arcane Sanctum
» items
| Scroll of Regeneration | 3 | |
| Lesser Clarity Potion | 2 | |
| Potion of Healing | 2 | |
| Scroll of Town Portal | 1 | |
| Staff of Sanctuary | 1 | |
9 total
Sylvklar (
teal | 89 APM | 4724 actions | 52:49)
8 Blademaster
3 Wind Walk
3 Critical Strike
1 Bladestorm
1 Mirror Image
» actions
| Assign group hotkey | 68 | |
| Basic commands | 233 | |
| Build / train | 137 | |
| ESC pressed | 25 | |
| Enter build submenu | 69 | |
| Enter hero's abilities submenu | 8 | |
| Give item / drop item | 19 | |
| Right click | 1445 | |
| Select / deselect | 470 | |
| Select group hotkey | 2067 | |
| Use ability | 183 | |
4724 total
» units
| Peon | 29 | |
| Grunt | 7 | |
| Goblin Shredder | 3 | |
| Wind Rider | 9 | |
| Troll Batrider | 1 | |
| Demolisher | 1 | |
50 total
» upgrades
| Armor | 3 | |
| Ranged Weapons | 3 | |
| Berserker Strength | 1 | |
| Pillage | 1 | |
| Envenomed Spears | 1 | |
| Reinforced Defenses | 1 | |
| Liquid Fire | 1 | |
| Troll Regeneration | 1 | |
| Spiked Barricades | 3 | |
| Backpack | 1 | |
| Berserker Upgrade | 1 | |
| War Drums Damage Increase | 1 | |
| Ensnare | 1 | |
| Melee Weapons | 4 | |
| Burning Oil | 1 | |
| Shaman Training | 2 | |
| Witch Doctor Training | 2 | |
| Spirit Walker Training | 2 | |
30 total
» buildings
| Altar of Storms | 1 | |
| Barracks | 1 | |
| Orc Burrow | 7 | |
| Voodoo Lounge | 1 | |
| War Mill | 1 | |
| Great Hall | 4 | |
| Stronghold | 3 | |
| Watch Tower | 35 | |
| Beastiary | 4 | |
| Fortress | 5 | |
| Spirit Lodge | 1 | |
63 total
» build order
00:05 Altar of Storms
00:07 Barracks
00:31 Orc Burrow
01:47 Orc Burrow
02:11 Voodoo Lounge
02:32 War Mill
03:31 Orc Burrow
04:08 Great Hall
04:38 Stronghold
04:38 Stronghold
04:38 Stronghold
04:51 Watch Tower
05:46 Watch Tower
06:22 Watch Tower
07:19 Watch Tower
07:23 Watch Tower
07:41 Beastiary
07:43 Beastiary
08:32 Watch Tower
08:52 Fortress
08:52 Fortress
08:52 Fortress
09:00 Watch Tower
09:26 Great Hall
10:01 Beastiary
10:28 Watch Tower
10:33 Watch Tower
10:33 Watch Tower
10:43 Beastiary
12:06 Watch Tower
12:07 Watch Tower
12:08 Watch Tower
12:12 Watch Tower
12:55 Watch Tower
13:00 Watch Tower
13:02 Watch Tower
13:06 Watch Tower
14:20 Watch Tower
15:11 Watch Tower
15:12 Watch Tower
15:17 Watch Tower
15:45 Watch Tower
16:35 Watch Tower
18:24 Watch Tower
18:26 Watch Tower
18:33 Watch Tower
20:40 Spirit Lodge
21:21 Great Hall
21:23 Watch Tower
21:24 Watch Tower
21:27 Watch Tower
21:28 Watch Tower
22:29 Watch Tower
22:30 Watch Tower
22:35 Watch Tower
26:08 Orc Burrow
28:47 Great Hall
29:34 Orc Burrow
29:42 Orc Burrow
29:45 Orc Burrow
44:35 Watch Tower
» items
| Healing Salve | 7 | |
| Boots of Speed | 2 | |
| Claws of Attack +6 | 3 | |
| Lesser Clarity Potion | 5 | |
| Orb of Lightning | 1 | |
| Pendant of Energy | 1 | |
| Staff of Teleportation | 1 | |
| Scroll of Healing | 1 | |
21 total

»
dalerdalerdaler (
blue | 19 APM | 991 actions | 52:49)
4 Paladin
2 Holy Light
2 Devotion Aura
3 Mountain King
2 Storm Bolt
1 Bash
» actions
| Assign group hotkey | 25 | |
| Basic commands | 31 | |
| Build / train | 70 | |
| Enter build submenu | 24 | |
| Enter hero's abilities submenu | 7 | |
| Remove unit from queue | 1 | |
| Right click | 236 | |
| Select / deselect | 239 | |
| Select group hotkey | 303 | |
| Use ability | 55 | |
991 total
» units
| Peasant | 8 | |
| Footman | 8 | |
| Flying Machine | 21 | |
| Siege Engine | 2 | |
39 total
» upgrades
| Masonry | 1 | |
| Defend | 1 | |
| Lumber Harvesting | 2 | |
| Gunpowder | 2 | |
| Plating | 2 | |
| Flak Cannons | 1 | |
| Flying Machine Bombs | 1 | |
| Barrage | 1 | |
11 total
» buildings
| Barracks | 1 | |
| Altar of Kings | 1 | |
| Farm | 11 | |
| Lumber Mill | 1 | |
| Scout Tower | 4 | |
| Guard Tower | 4 | |
| Arcane Vault | 1 | |
| Keep | 1 | |
| Blacksmith | 1 | |
| Castle | 1 | |
| Workshop | 3 | |
29 total
» build order
00:12 Barracks
00:18 Altar of Kings
00:41 Farm
00:59 Farm
01:44 Lumber Mill
01:52 Farm
02:38 Scout Tower
03:06 Guard Tower
03:10 Farm
03:40 Arcane Vault
03:52 Farm
05:47 Keep
05:55 Farm
06:35 Farm
07:02 Blacksmith
07:17 Scout Tower
07:48 Guard Tower
07:51 Scout Tower
08:18 Farm
08:44 Guard Tower
08:50 Castle
09:29 Workshop
09:35 Workshop
09:45 Workshop
19:31 Farm
20:16 Farm
21:44 Farm
22:37 Scout Tower
23:07 Guard Tower
» items
| Scroll of Town Portal | 2 | |
| Scroll of Regeneration | 1 | |
| Lesser Clarity Potion | 1 | |
4 total
team 2 (loser)
ChristmasNaga (
orange | 42 APM | 585 actions | 13:51)
1 Naga Sea Witch
1 Frost Arrows
» actions
| Assign group hotkey | 33 | |
| Basic commands | 17 | |
| Build / train | 43 | |
| ESC pressed | 4 | |
| Enter build submenu | 23 | |
| Enter hero's abilities submenu | 1 | |
| Remove unit from queue | 1 | |
| Right click | 168 | |
| Select / deselect | 188 | |
| Select group hotkey | 81 | |
| Use ability | 26 | |
585 total
» units
| Wisp | 17 | |
| Chimaera | 7 | |
| Hippogryph | 2 | |
26 total
» upgrades
| Strength of the Wild | 2 | |
| Reinforced Hides | 1 | |
| Corrosive Breath | 1 | |
4 total
» buildings
| Moon Well | 7 | |
| Altar of Elders | 1 | |
| Hunter's Hall | 1 | |
| Tree of Ages | 4 | |
| Ancient Protector | 1 | |
| Tree of Eternity | 3 | |
| Ancient of Wind | 2 | |
| Chimaera Roost | 6 | |
25 total
» build order
00:22 Moon Well
00:51 Moon Well
01:28 Altar of Elders
02:09 Hunter's Hall
03:16 Tree of Ages
03:17 Tree of Ages
03:19 Ancient Protector
05:57 Tree of Eternity
05:58 Tree of Eternity
06:04 Ancient of Wind
07:05 Ancient of Wind
08:25 Chimaera Roost
08:28 Chimaera Roost
08:30 Chimaera Roost
08:33 Chimaera Roost
08:55 Chimaera Roost
09:00 Chimaera Roost
09:23 Moon Well
09:37 Moon Well
10:26 Moon Well
11:14 Moon Well
11:17 Moon Well
Knight-1 (
purple | 55 APM | 2683 actions | 48:27)
6 Blademaster
3 Wind Walk
2 Critical Strike
1 Bladestorm
6 Shadow Hunter
2 Hex
3 Healing Wave
1 Big Bad Voodoo
» actions
| Assign group hotkey | 38 | |
| Basic commands | 3 | |
| Build / train | 112 | |
| ESC pressed | 8 | |
| Enter build submenu | 41 | |
| Enter hero's abilities submenu | 12 | |
| Give item / drop item | 3 | |
| Remove unit from queue | 5 | |
| Right click | 1337 | |
| Select / deselect | 896 | |
| Select group hotkey | 71 | |
| Use ability | 157 | |
2683 total
» units
| Peon | 29 | |
| Wisp | 4 | |
| Wind Rider | 9 | |
| Goblin Shredder | 1 | |
| Shaman | 3 | |
| Troll Headhunter/Berserker | 3 | |
| Tauren | 2 | |
| Raider | 4 | |
| Troll Batrider | 4 | |
59 total
» upgrades
| Reinforced Defenses | 1 | |
| Armor | 3 | |
| Ranged Weapons | 3 | |
| Envenomed Spears | 1 | |
| Shaman Training | 2 | |
| Pulverize | 1 | |
| Berserker Upgrade | 1 | |
| Melee Weapons | 3 | |
| Pillage | 1 | |
| Liquid Fire | 1 | |
| Ensnare | 1 | |
18 total
» buildings
| Altar of Storms | 1 | |
| Orc Burrow | 8 | |
| War Mill | 1 | |
| Voodoo Lounge | 1 | |
| Stronghold | 1 | |
| Watch Tower | 13 | |
| Hunter's Hall | 1 | |
| Ancient of War | 2 | |
| Moon Well | 1 | |
| Beastiary | 3 | |
| Fortress | 1 | |
| Spirit Lodge | 1 | |
| Tauren Totem | 1 | |
| Barracks | 1 | |
| Great Hall | 3 | |
39 total
» build order
00:30 Altar of Storms
00:38 Orc Burrow
01:05 War Mill
01:52 Voodoo Lounge
01:59 Orc Burrow
02:48 Stronghold
03:02 Watch Tower
03:22 Watch Tower
04:09 Hunter's Hall
04:16 Ancient of War
04:18 Ancient of War
04:32 Orc Burrow
04:43 Moon Well
05:13 Beastiary
05:35 Beastiary
07:40 Fortress
08:40 Orc Burrow
10:07 Orc Burrow
14:32 Watch Tower
14:35 Watch Tower
17:10 Watch Tower
17:12 Watch Tower
17:36 Watch Tower
17:56 Watch Tower
18:09 Spirit Lodge
19:31 Tauren Totem
19:41 Barracks
22:52 Orc Burrow
23:37 Great Hall
25:25 Orc Burrow
27:37 Watch Tower
27:38 Watch Tower
27:40 Watch Tower
27:44 Watch Tower
29:54 Orc Burrow
32:33 Beastiary
33:37 Great Hall
35:34 Great Hall
36:34 Watch Tower
» items
| Healing Salve | 2 | |
| Tiny Great Hall | 1 | |
| Lesser Clarity Potion | 3 | |
| Scroll of Town Portal | 1 | |
| Orb of Lightning | 1 | |
| Potion of Mana | 1 | |
| Scroll of Healing | 1 | |
| Potion of Lesser Invulnerability | 1 | |
| Scroll of Protection | 1 | |
| Potion of Healing | 1 | |
13 total

»
drunk.panda (
green | 33 APM | 125 actions | 03:47)
1 Demon Hunter
1 Mana Burn
» actions
| Assign group hotkey | 1 | |
| Basic commands | 7 | |
| Build / train | 11 | |
| Enter build submenu | 6 | |
| Enter hero's abilities submenu | 2 | |
| Right click | 32 | |
| Select / deselect | 43 | |
| Select group hotkey | 13 | |
| Use ability | 10 | |
125 total
» units
» buildings
| Moon Well | 2 | |
| Altar of Elders | 1 | |
| Ancient of War | 2 | |
| Hunter's Hall | 1 | |
6 total
» build order
00:16 Moon Well
00:42 Altar of Elders
01:25 Moon Well
01:37 Ancient of War
02:34 Hunter's Hall
02:56 Ancient of War
FaggtAssFaggt (
red | 51 APM | 2711 actions | 52:49)
10 Blademaster
3 Wind Walk
3 Critical Strike
1 Bladestorm
3 Mirror Image
» actions
| Assign group hotkey | 51 | |
| Basic commands | 127 | |
| Build / train | 99 | |
| Enter build submenu | 40 | |
| Enter hero's abilities submenu | 10 | |
| Give item / drop item | 7 | |
| Remove unit from queue | 3 | |
| Right click | 1208 | |
| Select / deselect | 480 | |
| Select group hotkey | 375 | |
| Use ability | 311 | |
2711 total
» units
| Peon | 9 | |
| Grunt | 4 | |
| Goblin Shredder | 1 | |
| Wind Rider | 6 | |
| Troll Batrider | 13 | |
| Raider | 3 | |
36 total
» upgrades
| Ranged Weapons | 3 | |
| Armor | 3 | |
| Reinforced Defenses | 1 | |
| Liquid Fire | 1 | |
| Envenomed Spears | 1 | |
| Ensnare | 1 | |
| Melee Weapons | 3 | |
| Pillage | 1 | |
| Burning Oil | 1 | |
15 total
» buildings
| Orc Burrow | 9 | |
| Altar of Storms | 2 | |
| Barracks | 4 | |
| Voodoo Lounge | 1 | |
| Stronghold | 1 | |
| Great Hall | 3 | |
| War Mill | 1 | |
| Beastiary | 6 | |
| Watch Tower | 11 | |
| Fortress | 1 | |
| Moon Well | 7 | |
46 total
» build order
00:13 Orc Burrow
00:52 Altar of Storms
00:53 Barracks
01:16 Orc Burrow
01:22 Altar of Storms
01:37 Voodoo Lounge
02:55 Stronghold
04:03 Orc Burrow
05:09 Great Hall
05:50 War Mill
06:44 Beastiary
06:46 Beastiary
07:10 Watch Tower
07:10 Watch Tower
07:10 Watch Tower
07:13 Watch Tower
07:15 Watch Tower
07:39 Orc Burrow
07:46 Watch Tower
07:52 Orc Burrow
11:50 Orc Burrow
11:51 Orc Burrow
11:57 Fortress
12:19 Beastiary
12:23 Beastiary
18:27 Moon Well
18:27 Moon Well
18:27 Moon Well
18:28 Moon Well
18:29 Moon Well
18:29 Moon Well
21:06 Beastiary
21:08 Beastiary
25:03 Watch Tower
25:04 Watch Tower
25:04 Watch Tower
25:05 Watch Tower
25:05 Watch Tower
28:11 Great Hall
29:26 Orc Burrow
29:27 Orc Burrow
31:02 Barracks
31:04 Barracks
31:07 Barracks
36:58 Great Hall
» items
| Healing Salve | 7 | |
| Potion of Mana | 5 | |
| Scroll of Town Portal | 5 | |
| Potion of Healing | 7 | |
| Lesser Clarity Potion | 3 | |
| Boots of Speed | 1 | |
| Orb of Lightning | 1 | |
| Periapt of Vitality | 1 | |
| Staff of Teleportation | 1 | |
31 total
Chat log
(00:06 / All) ChristmasNaga: my tail...
(00:06 / Allies) HSK.MIKKI: uniuts?
(00:09 / All) Sylvklar: Somewhere in Germany
(00:13 / All) Sylvklar: in a moment of misery
(00:16 / All) ChristmasNaga: they cut off my tail...
(00:19 / All) ChristmasNaga: *sniff*
(00:21 / All) Sylvklar: I think about liberty
(00:24 / All) Sylvklar: and the end of the world
(00:27 / All) ChristmasNaga: MY TAIL
(00:30 / All) ChristmasNaga: NOONE CARES ABOUT UR MISERY
(00:32 / All) ChristmasNaga: MY TAIL
(00:32 / All) ChristmasNaga: SSSS
(00:36 / All) ChristmasNaga: SSSSSSSSSS
(00:37 / All) BottomFeeder: his tail brah
(00:42 / All) ChristmasNaga: my tail brah..
(00:43 / All) ChristmasNaga: ):
(00:46 / All) ChristmasNaga: I cant think
(00:48 / All) ChristmasNaga: im shaking..
(00:53 / All) Sylvklar: I did my build order like if I was Ud this game, damn I need to practice orc more
(00:57 / All) ChristmasNaga: what r the other nagas gonna think of me..?
(01:08 / All) BottomFeeder: like the hanaka naga?
(01:12 / All) BottomFeeder: or the kwanaza?
(01:14 / All) ChristmasNaga: the hanaga?
(01:17 / All) ChristmasNaga: kwanaga
(01:23 / All) ChristmasNaga: sniff..
(01:26 / All) ChristmasNaga: i dont know bro
(01:38 / All) ChristmasNaga: I just dont know anymore..
(02:00 / All) ChristmasNaga: whats the point of living
(02:02 / All) ChristmasNaga: Without atail..
(02:09 / All) Knight-1: word.
(02:11 / All) ChristmasNaga: ):
(02:16 / All) ChristmasNaga: i cant go on anymore
(02:17 / All) ChristmasNaga: SSSS
(02:18 / All) ChristmasNaga: SSSSS
(02:29 / Allies) HSK.MIKKI: help
(02:31 / All) FaggtAssFaggt: What, are you retarded?
(02:36 / All) FaggtAssFaggt: I'M THE GODDAMN BATMAN
(02:39 / Allies) BottomFeeder: im running to you
(03:00 / Allies) HSK.MIKKI: ty
(03:11 / Allies) BottomFeeder: sned ur heros north
(03:32 / All) ChristmasNaga: detonate
(03:34 / All) ChristmasNaga: u fucking onob
(03:35 / All) ChristmasNaga: greenm
(03:35 / All) ChristmasNaga: Leave
(03:38 / All) ChristmasNaga: u fucking crap
(03:41 / All) FaggtAssFaggt: stop it
(03:47 / All) ChristmasNaga: pure crap bro
(03:47 / All) Sylvklar: Why do you lagging fucks always have to mess with my micro and tps and shit like that?
(03:48 / All) ChristmasNaga: now im 4-1
(04:25 / All) HSK.MIKKI: GG
(04:26 / All) BottomFeeder: oj is certifably crazy
(04:29 / All) Sylvklar: Not over yet
(04:35 / All) ChristmasNaga: indeed
(04:35 / All) ChristmasNaga: i am
(04:36 / All) FaggtAssFaggt: TOO YOUNG TO HOLD ON
(04:36 / All) ChristmasNaga: sir
(04:41 / All) ChristmasNaga: crayfish
(04:43 / All) FaggtAssFaggt: TOO OLD TO JUST BREAK FREE AND RUN
(04:51 / Allies) HSK.MIKKI: kill aow
(04:53 / Allies) HSK.MIKKI: not hero
(05:19 / Allies) BottomFeeder: lol pink
(05:20 / Allies) HSK.MIKKI: heal am plz blue
(05:21 / Allies) HSK.MIKKI: in a sec
(05:25 / Allies) BottomFeeder: blue heal pink
(05:26 / Allies) BottomFeeder: wtf
(05:27 / Allies) dalerdalerdaler: nomana
(05:34 / All) ChristmasNaga: im a certified naga
(05:37 / Allies) HSK.MIKKI: its ight
(05:45 / All) ChristmasNaga: bad allies
(05:45 / All) ChristmasNaga: yayaya
(05:47 / All) ChristmasNaga: yaaaay!!
(06:07 / All) BottomFeeder: i cant believe u went naga oj
(06:13 / All) ChristmasNaga: uh
(06:14 / Allies) HSK.MIKKI: thank god i stopped his aow in the begiining
(06:16 / All) ChristmasNaga: im the christmas naga
(06:17 / All) ChristmasNaga: dude
(06:17 / All) ChristmasNaga: im 4-0
(06:19 / All) ChristmasNaga: im a pro
(06:20 / All) ChristmasNaga: u suck
(06:21 / All) ChristmasNaga: im ,pro
(06:23 / All) ChristmasNaga: im p,ro naga
(06:25 / All) ChristmasNaga: naga plz
(06:38 / All) ChristmasNaga: yay 2k gold unspent
(06:40 / All) ChristmasNaga: pro
(07:00 / Allies) HSK.MIKKI: im expoing here
(07:07 / Allies) BottomFeeder: k
(07:15 / Allies) BottomFeeder: tech
(07:18 / Allies) BottomFeeder: we need some aa
(07:31 / All) ChristmasNaga: im the fucking christmas naga bros
(07:40 / All) BottomFeeder: brah.... we know
(07:44 / All) ChristmasNaga: oh
(07:45 / All) ChristmasNaga: ok sorry
(07:47 / All) ChristmasNaga: didnt know
(07:53 / All) ChristmasNaga: have i told u about my tail..?
(07:58 / All) ChristmasNaga: *sniff*
(07:59 / All) ChristmasNaga: SSS
(07:59 / All) BottomFeeder: no
(08:03 / All) ChristmasNaga: they..cut it off..
(08:07 / All) ChristmasNaga: THEY CUT IT OFF
(08:14 / All) ChristmasNaga: WAAAAAAAAAAAA
(08:15 / All) BottomFeeder: was it long?
(08:18 / All) ChristmasNaga: yes.
(08:19 / All) ChristmasNaga: Very
(08:26 / Allies) HSK.MIKKI: do u ever shut the fuck up?
(08:27 / All) BottomFeeder: was it hard?
(08:33 / Allies) BottomFeeder: no
(08:34 / All) ChristmasNaga: no
(08:37 / All) ChristmasNaga: very scaley
(08:38 / All) ChristmasNaga: soft
(08:39 / All) ChristmasNaga: tissuey
(08:45 / All) ChristmasNaga: beautiful orange tail
(08:47 / All) ChristmasNaga: SSSSS
(08:50 / All) ChristmasNaga: *sniff*
(09:11 / Allies) HSK.MIKKI: im out
(09:27 / Allies) BottomFeeder: see told u we need aa
(09:36 / Allies) HSK.MIKKI: then get bats
(09:38 / Allies) dalerdalerdaler: massing gyro
(09:43 / All) ChristmasNaga: im commiting nagaside
(09:45 / All) ChristmasNaga: Iv decided..
(10:28 / Allies) HSK.MIKKI: uh oh
(10:33 / All) ChristmasNaga: they call me jane
(10:36 / All) ChristmasNaga: thats not my name
(10:42 / All) ChristmasNaga: My name is SSSSSStacy
(10:45 / All) ChristmasNaga: SSSSSStacy
(10:49 / All) ChristmasNaga: SSSSSSStacy
(10:54 / All) ChristmasNaga: SSS
(10:55 / Allies) BottomFeeder: ima get sum bats
(11:08 / Allies) HSK.MIKKI: no help?
(11:09 / Allies) HSK.MIKKI: okay
(11:09 / All) ChristmasNaga: they call me SSSSandra
(11:12 / Allies) BottomFeeder: we have no aa
(11:26 / Allies) HSK.MIKKI: teal has lvl 5 hero
(11:29 / All) ChristmasNaga: all my nagas
(11:30 / Allies) BottomFeeder: pink run to other base
(11:33 / Allies) HSK.MIKKI: he has done fuckin nothing this game
(11:38 / All) ChristmasNaga: me and my nagas
(11:39 / Allies) Sylvklar: I've crept and dual expoed
(11:43 / Allies) Sylvklar: while ignoring all of you intentionally
(11:48 / Allies) HSK.MIKKI: ur a fuckin pussy
(11:49 / Allies) BottomFeeder: i got bats coming
(11:57 / Allies) HSK.MIKKI: help our team or ill tk ur bitch ass
(11:58 / Allies) dalerdalerdaler: no bats needed
(12:02 / Allies) Sylvklar: Try it
(12:07 / Allies) BottomFeeder: bats just in case
(12:17 / Allies) HSK.MIKKI: i love orcs so much
(12:19 / Allies) BottomFeeder: pink, ur safe
(12:22 / Allies) HSK.MIKKI: such a coward race
(12:23 / Allies) Sylvklar: try to tk me
(12:24 / Allies) Sylvklar: try it
(13:04 / All) ChristmasNaga: lmfao
(13:06 / All) ChristmasNaga: hackers up
(13:23 / All) ChristmasNaga: thats fucking bullshit LOL
(13:24 / All) ChristmasNaga: LOL
(13:24 / All) ChristmasNaga: LOL
(13:26 / All) ChristmasNaga: oh my fucking god
(13:29 / All) ChristmasNaga: havent even scouted
(13:31 / All) ChristmasNaga: and u fucking mass
(13:33 / All) ChristmasNaga: bats and
(13:41 / All) ChristmasNaga: copters
(13:42 / All) BottomFeeder: i made bats in response to air
(13:45 / All) ChristmasNaga: HAckers fucking fags
(13:47 / All) ChristmasNaga: fucking fags
(13:59 / All) HSK.MIKKI: just leave red
(14:04 / All) HSK.MIKKI: u cant fuckin win asshole
(14:14 / All) Sylvklar: lol
(14:15 / All) HSK.MIKKI: go get ur army of wyvs
(14:18 / All) HSK.MIKKI: u cant win
(14:21 / All) FaggtAssFaggt: oops
(14:39 / Allies) HSK.MIKKI: 300 wood plz
(14:42 / Allies) Sylvklar: No
(14:44 / Allies) HSK.MIKKI: i need to tower up a bit
(14:45 / Allies) Sylvklar: You threatened to tk me
(14:50 / Allies) Sylvklar: It's dangerous to give you wood
(14:55 / Allies) HSK.MIKKI: what can i tk u with?
(14:56 / Allies) Sylvklar: why would anyone? you are an openly self admitted tker
(15:00 / Allies) HSK.MIKKI: i hav enothing but towers
(15:13 / Allies) HSK.MIKKI: im not going to asshole
(15:21 / Allies) Sylvklar: I have nothing but towers too
(15:23 / Allies) HSK.MIKKI: ur not helping us and theres no other way to ask u
(15:41 / Allies) HSK.MIKKI: haha
(15:46 / Allies) Sylvklar: k
(15:53 / Allies) BottomFeeder: not enough bats yet
(16:02 / Allies) HSK.MIKKI: whatver
(16:06 / Allies) HSK.MIKKI: leave me go kill them
(16:06 / Allies) BottomFeeder: blue could save u
(16:12 / Allies) HSK.MIKKI: just finish it
(16:16 / Allies) HSK.MIKKI: my real main is safe
(16:20 / Allies) HSK.MIKKI: here
(16:30 / All) HSK.MIKKI: come at me purp
(16:35 / All) HSK.MIKKI: lets see what u got
(17:10 / All) HSK.MIKKI: u aint got shit on me cunt
(17:25 / All) Sylvklar: They are raping you
(17:29 / All) HSK.MIKKI: ik
(17:31 / All) HSK.MIKKI: so sad
(17:31 / All) Sylvklar: They have got shit all over you
(17:38 / All) Sylvklar: you're their plaything
(17:53 / All) HSK.MIKKI: they got mass wyvs
(17:55 / All) HSK.MIKKI: thats it
(17:59 / All) Sylvklar: mass tower your castle bro!
(18:04 / All) Sylvklar: you can still build up an army to fight them!
(18:09 / All) BottomFeeder: fuck
(18:23 / Allies) BottomFeeder: out blue
(18:32 / Allies) HSK.MIKKI: its still 3v3
(18:35 / Allies) HSK.MIKKI: u guys can win still
(18:38 / Allies) Sylvklar: they only have 2 players
(18:48 / Allies) HSK.MIKKI: they got 3 bases u fuckin idiot
(18:53 / Allies) HSK.MIKKI: go uninstall
(18:54 / Allies) Sylvklar: still only 2 players
(19:01 / Allies) Sylvklar: do you know how match types work?
(19:04 / Allies) Sylvklar: it's off of player count
(19:05 / Allies) Sylvklar: not bases
(19:06 / Allies) BottomFeeder: blue u have more gyros
(19:07 / Allies) HSK.MIKKI: n
(19:07 / Allies) BottomFeeder: use them
(19:09 / Allies) Sylvklar: if you count bases what about my expos?
(19:21 / Allies) HSK.MIKKI: more gyros
(19:22 / Allies) HSK.MIKKI: blue
(19:25 / All) BottomFeeder: lol red
(19:34 / Allies) HSK.MIKKI: ill feed blue since hes actaully good
(19:44 / Allies) Sylvklar: I have 10,000 gold
(19:47 / Allies) Sylvklar: How does that make you feel?
(20:10 / Allies) HSK.MIKKI: share some gold teal
(20:15 / Allies) Sylvklar: How about no? You are a tker
(20:18 / Allies) Sylvklar: I don't trust any of you
(20:22 / Allies) HSK.MIKKI: have i touched u once
(20:31 / Allies) Sylvklar: Not as far as I can remember, you may have drugged me
(20:40 / Allies) HSK.MIKKI: very funny mate
(20:43 / Allies) HSK.MIKKI: ur a comedian huh?
(20:46 / Allies) Sylvklar: Yes
(20:55 / Allies) Sylvklar: I make WC3 into a comedy for other people
(21:10 / Allies) Sylvklar: although I doubt you know what that entails, maybe by the end of this you will
(21:11 / Allies) HSK.MIKKI: do u know the irony of this game? if it wasnt for me attacking green at the start we woud;ve lost
(21:32 / Allies) Sylvklar: Sure we would have, sport
(21:54 / Allies) HSK.MIKKI: yellow teal has about 50 times more gold than u
(21:57 / Allies) HSK.MIKKI: arent u mad?
(22:04 / Allies) Sylvklar: He is mad jelly of my gold
(22:27 / All) BottomFeeder: lvl 8 bm bullshit
(24:20 / All) Sylvklar: i don't know who I can trust on my team man
(24:22 / All) Sylvklar: Pink is a definite tker
(24:25 / All) Sylvklar: but he may have allies
(24:33 / All) Sylvklar: Blue seems dangerous, he is near pink
(24:36 / All) Sylvklar: he may be his friend
(24:49 / Allies) HSK.MIKKI: tp or lose
(24:51 / Allies) HSK.MIKKI: decide
(24:57 / Allies) Sylvklar: Why tp?
(24:59 / Allies) Sylvklar: He is up to no good
(25:02 / Allies) Sylvklar: he is on your tk squad
(25:04 / Allies) BottomFeeder: we cant kill reds bm dude
(25:13 / Allies) Sylvklar: Blue was an enemy
(25:16 / Allies) Sylvklar: along with you, pink
(25:19 / Allies) Sylvklar: Yellow is our only pal
(25:23 / Allies) Sylvklar: the only one truly on our team
(25:27 / Allies) HSK.MIKKI: so teal is a tk'r?
(25:33 / Allies) Sylvklar: No, you are
(25:33 / Allies) HSK.MIKKI: his game is retarted im leaving
(25:35 / Allies) Sylvklar: check the chat log
(25:42 / Allies) Sylvklar: It's retarded btw
(25:43 / Allies) Sylvklar: not retarted
(25:44 / Allies) HSK.MIKKI: cya later yellow
(25:49 / Allies) Sylvklar: Bye retard!
(26:28 / Allies) BottomFeeder: fuck ran into purple
(26:55 / All) HSK.MIKKI: GG guys
(26:58 / All) HSK.MIKKI: teal wont finish it
(27:08 / All) HSK.MIKKI: gotta love trolls
(27:12 / All) Sylvklar: I do too
(27:15 / All) Sylvklar: Troll batriders are a great unit
(27:17 / All) Sylvklar: good for harass
(27:20 / All) Sylvklar: my personal favourite
(27:22 / All) Sylvklar: in ordinary ladder games
(27:26 / All) Sylvklar: But this is no ordinary ladder game!
(27:38 / Allies) BottomFeeder: pink let me out
(27:43 / Allies) BottomFeeder: so i can hit expo
(27:44 / Allies) Sylvklar: he is a tker
(27:45 / Allies) Sylvklar: and doesn't want to
(27:58 / All) Sylvklar: GOT IT
(28:00 / All) Sylvklar: Down goes yellow
(28:01 / Allies) BottomFeeder: teal wtf
(28:06 / All) Sylvklar: You were in a tker's base
(28:11 / All) Sylvklar: i don't trust people who collaborate with tkers
(28:17 / All) Sylvklar: He just killed one of my wyverns
(28:20 / All) BottomFeeder: only so i could get closer to reds expo
(28:25 / All) Sylvklar: he is a no good criminal just like you
(28:33 / Allies) BottomFeeder: lol
(28:34 / All) Knight-1: teal the voice of justice
(28:35 / All) Sylvklar: Criminals who work with criminals are criminals son, I took philosophy in my university
(29:51 / All) BottomFeeder: pink hit teal once, and now all of this ensues, lol
(30:03 / All) Sylvklar: He is a no good for nothing filthy tker
(30:10 / All) Sylvklar: I am sending in a report to Blizzard Entertainment after this
(30:18 / All) Sylvklar: My uncle works there, you know, he is going to get banned
(30:24 / All) BottomFeeder: lvl 9 bm = auto gg
(30:48 / Allies) BottomFeeder: make magic towers hit the bm
(30:54 / All) Sylvklar: I'll help you kill this ornery bugger
(31:02 / All) Sylvklar: I shall aid you in your noble conquest
(31:04 / All) BottomFeeder: lol
(31:12 / Allies) BottomFeeder: ff with towers dumbass
(31:58 / All) Sylvklar: There we go, the rascal abandoned the battleground
(32:29 / All) Sylvklar: Damn, yellow outwitted your blademaster
(32:36 / All) Knight-1: :(
(32:41 / All) BottomFeeder: not really, all he had to do was not go near towers
(32:50 / All) BottomFeeder: he epic failed
(34:04 / Allies) BottomFeeder: blue is still here lol
(34:19 / Allies) Sylvklar: Good, he is a warrior
(34:56 / All) BottomFeeder: red dont be a dick
(35:03 / Allies) Sylvklar: You can get your hero back at the tavern
(35:06 / Allies) Sylvklar: I shall share control
(35:11 / Allies) Sylvklar: sec
(35:13 / Allies) BottomFeeder: he killing my base
(35:21 / Allies) Sylvklar: as long as you have 5 food it's ok
(35:30 / Allies) Sylvklar: buy it
(35:34 / Allies) BottomFeeder: i still have a tp
(35:35 / Allies) BottomFeeder: im good
(36:11 / Allies) BottomFeeder: lol told u
(36:23 / All) Knight-1: orc fest
(36:26 / Allies) BottomFeeder: why feed me if u gunna kill me?
(36:34 / All) Sylvklar: I just wanted the joy of killing it once more
(36:48 / All) FaggtAssFaggt: You took the other expo
(36:50 / All) Sylvklar: Down goes the wolf!
(36:55 / All) Sylvklar: Probably had rabies anyway
(37:14 / All) Sylvklar: `I could swear I sent 4 more peons to that expo but I have no idea what happened to them
(37:26 / Allies) BottomFeeder: kill my peons so they dont get exp from them
(37:46 / All) Sylvklar: I would prefer they get the exp, yellow. They are comrades in arms unlike my team of traitors
(37:54 / Allies) BottomFeeder: lol
(38:30 / All) BottomFeeder: pink really should have gave gold before leaving
(38:31 / All) Sylvklar: Bad idea
(38:38 / All) Knight-1: I don;t get what's going on now
(38:41 / All) Knight-1: so confused
(39:35 / All) Sylvklar: I wanted the sh
(39:48 / All) FaggtAssFaggt: YEah but now this won't even be funny
(39:56 / All) FaggtAssFaggt: w/e
(40:00 / All) BottomFeeder: purple, i steped out of line a tiny amount and got killed, so dont feel bad
(40:09 / All) Knight-1: ?
(40:33 / All) Knight-1: wtf is this mascerade
(40:48 / All) BottomFeeder: they obviously know each other
(40:52 / All) Knight-1: dude
(40:53 / All) Sylvklar: A masquerade, for we were the true comrade s in arms
(40:53 / All) Knight-1: wtf
(40:55 / All) Knight-1: ius going on
(41:07 / All) FaggtAssFaggt: It would have been way funnier if we attacked what force he had at same time
(41:11 / All) FaggtAssFaggt: but oyu had to go for the hero kill
(41:13 / All) Sylvklar: I told you this was no ordinary ladder game
(41:17 / All) Sylvklar: Purple, and yellow
(41:23 / All) Knight-1: rofl my last rt game ever
(41:34 / All) FaggtAssFaggt: all it is is a stupid stat that no one will look at bro
(41:37 / All) Knight-1: I will stick to raping solo division
(41:43 / All) Sylvklar: I didn't do it for the stat
(41:44 / All) BottomFeeder: lol purple
(41:45 / All) Sylvklar: just didn't like that sh
(41:48 / All) Knight-1: well it helps me improve my shitty race
(41:50 / All) Sylvklar: It looked at my bm funny
(41:51 / All) BottomFeeder: purple honestly how often does this happen?
(41:53 / All) Knight-1: which is orc
(41:55 / All) Sylvklar: and hexed it
(42:07 / All) Knight-1: once in a life time
(42:08 / All) Sylvklar: I don't like when trolls put a spell on me
(42:17 / All) BottomFeeder: how much money u have red?
(42:19 / All) FaggtAssFaggt: well purple only delivered a meager amount of funny because you did that
(42:26 / All) Knight-1: red has 2,7 k
(42:37 / All) Sylvklar: I have 32k
(42:37 / All) BottomFeeder: green has 33k
(42:43 / Allies) BottomFeeder: 33k now
(42:46 / All) Knight-1: teal
(42:47 / All) BottomFeeder: 33k now
(42:52 / All) Sylvklar: Yes?
(42:59 / All) Knight-1: well
(43:03 / All) Knight-1: that was the lesson
(43:08 / All) Knight-1: don't ever search rt
(43:13 / All) BottomFeeder: lol
(43:13 / All) Sylvklar: lol
(43:23 / All) FaggtAssFaggt: Purple is an idiot
(43:24 / All) Knight-1: because some retards like to ruin the game
(43:30 / All) FaggtAssFaggt: focuses my 1100 hp bm
(43:33 / All) Sylvklar: We outsmarted you at every turn, purple
(43:37 / All) FaggtAssFaggt: instead of trying to sabotage some wyverns
(43:43 / All) Knight-1: by bringing stuff they learn in university philosophy I don't know what
(43:57 / All) Knight-1: this wc3 play or go home
(43:59 / All) BottomFeeder: purple, it is a conspiracy
(44:03 / All) Knight-1: don't ruin the game ...
(44:07 / All) Sylvklar: I also took a course on political science to know how to outmanuever people
(44:13 / All) Sylvklar: in a game of politics such as this
(44:17 / All) Sylvklar: Of ladder intrigue
(44:37 / All) BottomFeeder: red needs more gold to catch up
(44:52 / All) Knight-1: whatever you guys are 2 fucked person
(44:57 / All) Knight-1: twisted
(44:59 / All) Knight-1: in the mind
(45:01 / All) Sylvklar: We get that a lot
(45:06 / All) Sylvklar: Come up with a new one
(45:07 / All) Sylvklar: Try again
(45:15 / All) Knight-1: putting both of your names in my profiles
(45:19 / All) Knight-1: calling you wc3 retards
(45:22 / All) Knight-1: sorry
(45:23 / All) Sylvklar: Put them as Rod Serling and Turncoat
(45:27 / All) Sylvklar: They are our true AKAs
(45:30 / All) Sylvklar: These are on time accounts
(45:31 / All) Sylvklar: ok?
(45:34 / All) BottomFeeder: purple, tell them they are gay lovers, that will hurt them
(45:46 / All) FaggtAssFaggt: Next time try to be moor cooperative when we try to organize griefing them
(45:49 / All) Sylvklar: I'm also Dssn on the official forums if you want to go for a legit name
(45:50 / All) BottomFeeder: okay when is the grand finalle?
(46:01 / All) FaggtAssFaggt: it's gay to say "back off let's hit " 10 times to be ignored
(46:07 / All) FaggtAssFaggt: at same time*
(46:16 / All) Sylvklar: I should have listened but I wanted the sh really badly
(46:18 / All) FaggtAssFaggt: that would be been way better mind rape
(46:18 / All) Sylvklar: I had a low hp bm
(46:27 / All) FaggtAssFaggt: it was running
(46:28 / All) Sylvklar: didn't want to risk losing it if I waited
(46:36 / All) Sylvklar: because he could hex and get a lucky crit on my bm
(46:42 / All) FaggtAssFaggt: he was running for his life
(46:50 / All) Sylvklar: True, probably would have been okay
(46:51 / All) Knight-1: well now I will start making a list of wc3 idiots
(46:57 / All) Knight-1: congrats you just made the list
(46:59 / All) Knight-1: rofkl
(47:05 / All) Sylvklar: You put Rod Serling and Turncoat on it?
(47:07 / All) Knight-1: I just don't get why you guys are doing that
(47:11 / All) Knight-1: and don't even want to know why
(47:18 / All) Sylvklar: Rod Serling isn't my real name btw, it's my main WC3 stabbing aka
(47:29 / All) BottomFeeder: will there be a finalle?
(47:34 / All) BottomFeeder: or just this the whole time now?
(47:38 / All) Sylvklar: Yes, a grand finale. A Mexican standoff!
(47:45 / All) BottomFeeder: k
(47:47 / All) BottomFeeder: when
(47:50 / All) Sylvklar: Soon
(48:05 / All) Sylvklar: Red and I will kill everything including our own stuff, no attacking units will remain
(48:16 / All) Sylvklar: And you will have equal chances of winning
(48:22 / All) Sylvklar: Best internet wins, last one to leave lives victorious
(48:26 / All) Sylvklar: It will be a patient waiting game}
(48:28 / All) Sylvklar: Sound fair?
(48:31 / All) BottomFeeder: how will u insure no attacking units remain, by letting a tower kill the last unit?
(48:33 / All) Sylvklar: Aww
(48:36 / All) Sylvklar: yes
(48:39 / All) Sylvklar: We were going to
(48:41 / All) Sylvklar: Now you get the loss
(48:44 / All) Sylvklar: because he left so no standoff
(48:56 / All) BottomFeeder: awe
(48:58 / All) BottomFeeder: pls
(49:03 / All) Sylvklar: Yeah he ruined it, sorry man
(49:37 / All) BottomFeeder: are the honkey tonk guys?
(49:38 / All) FaggtAssFaggt: welp
(49:41 / All) BottomFeeder: are you*
(49:42 / All) Sylvklar: Yes
(49:47 / All) BottomFeeder: are you the honky tonk guys?
(49:48 / All) Sylvklar: Do you visit highper.ch?
(49:52 / All) FaggtAssFaggt: I'm a honky tonk man and I can't seem to stop
(49:55 / All) Sylvklar: We did that honky tonk game
(50:03 / All) BottomFeeder: no, but i played with you 2 before
(50:13 / All) BottomFeeder: and you asked me if i like country
(50:18 / All) BottomFeeder: and i said honky tonk is okay
(50:25 / All) Sylvklar: JUST CHECKED
(50:28 / All) Sylvklar: I remember now
(50:30 / All) Sylvklar: You were my ally
(50:37 / All) Sylvklar: You were pretty cool, you stayed with me the entire game
(50:37 / All) BottomFeeder: ypu
(50:39 / All) Sylvklar: Nobody does that
(50:41 / All) BottomFeeder: lol
(50:50 / All) Sylvklar: I apologise but this time you get a loss sir
(50:51 / All) FaggtAssFaggt: Plenty of people do
(50:55 / All) FaggtAssFaggt: Yellow is a dumbass
(51:01 / All) Sylvklar: Yes he is
(51:06 / All) Sylvklar: A faithful dumbass though
(51:07 / All) FaggtAssFaggt: Yellow name a continent
(51:07 / All) BottomFeeder: meh
(51:14 / All) BottomFeeder: um
(51:16 / All) FaggtAssFaggt: if you can name 3 continents in 10 seconds you win
(51:17 / All) Sylvklar: Do you know where Denmark is?
(51:24 / All) BottomFeeder: eurpoe
(51:26 / All) Sylvklar: Where?
(51:28 / All) BottomFeeder: austrailia
(51:28 / All) Sylvklar: NEAR WHAT COUNTRY
(51:29 / All) Sylvklar: QUICK
(51:31 / All) Sylvklar: WHAT IS ITS CAPITAL
(51:35 / All) Sylvklar: WHAT IS DENMARK'S CAPITAL
(51:37 / All) Sylvklar: SAY IT AND YOU WIN
(51:41 / All) BottomFeeder: denmark...
(51:43 / All) BottomFeeder: hmmmm
(51:46 / All) Sylvklar: THE CAPITAL
(51:47 / All) Sylvklar: QUICK
(51:52 / All) BottomFeeder: pruage? no thats switerzland
(51:55 / All) BottomFeeder: um
(52:01 / All) FaggtAssFaggt: lol
(52:06 / All) Sylvklar: THE CAPITAL
(52:09 / All) Sylvklar: Denmark
(52:12 / All) Sylvklar: THERE IS 1 CAPITAL
(52:14 / All) BottomFeeder: copenhagen
(52:16 / All) Sylvklar: NO
(52:18 / All) Sylvklar: THE ANSWER IS D
(52:21 / All) Sylvklar: Denmark
(52:40 / All) BottomFeeder: denmark?
(52:41 / All) Sylvklar: Capital not capitol, I apologise for the inconvenience sir